 Dungeon Crawl Stone Soup version 0.28-a0-723-g095bd1b44f (webtiles) character file.

Game seed: 2479351305789237237

597 MrPagan1517 the Slasher (level 7, 0/85 HPs)
             Began as a Palentonga Abyssal Knight on Oct 26, 2021.
             Was a Believer of Lugonu.
             Succumbed to a killer bee's poison
             ... on level 5 of the Dungeon.
             The game lasted 00:25:23 (4195 turns).

MrPagan1517 the Slasher (Palentonga Abyssal Knight) Turns: 4195, Time: 00:25:24

Health: 0/85       AC: 22    Str: 18    XL:     7   Next: 17%
Magic:  8/8        EV:  7    Int: 10    God:    Lugonu [**....]
Gold:   120        SH:  0    Dex: 11    Spells: 6/6 levels left

rFire   . . .      SeeInvis +   a - +1 falchion
rCold   . . .      Faith    .   (no shield)
rNeg    + . .      Spirit   .   c - +1 acid dragon scales
rPois   +          Reflect  .   (no helmet)
rElec   .          Harm     .   (no cloak)
rCorr   +          Rampage  .   (no gloves)
Will    .....                   e - +10 Black Knight's barding {ponderous, rPois rN+}
Stlth   ..........              (no amulet)
HPRegen 0.24/turn               (no ring)
MPRegen 0.11/turn               (no ring)

@: berserking (expiring), lethally poisoned (0 -> -5), very quick
A: large, rugged brown scales 3, see invisible, deformed body, roll 1, armoured
tail, reflexive curl
a: Rolling Charge, Renounce Religion, Depart the Abyss, Bend Space


You were on level 5 of the Dungeon.
You worshipped Lugonu.
Lugonu was pleased with you.
You visited 1 branch of the dungeon, and saw 5 of its levels.
You visited the Abyss 1 time.

You collected 168 gold pieces.
You spent 48 gold pieces at shops.

Inventory:

Hand Weapons
 a - a +1 falchion (weapon)
 n - a +5 dire flail of holy wrath
Armour
 c - +1 acid dragon scales (worn)
 e - the +10 Black Knight's barding (worn) {ponderous, rPois rN+}
   (You acquired it on level 2 of the Dungeon)

   rPois:     It protects you from poison.
   rN:        It protects you from negative energy.
Wands
 g - a wand of flame (12)
Scrolls
 d - a scroll of enchant weapon {unknown}
Potions
 b - 2 potions of attraction {unknown}
 f - a potion of ambrosia {unknown}
 h - a potion of curing
 i - a potion of flight
 j - a potion of haste
 l - a potion of mutation {unknown}
 m - a potion of degeneration {unknown}


   Skills:
 + Level 4.3 Fighting
 * Level 5.8 Long Blades
 * Level 2.9 Armour
 + Level 2.0 Dodging
 + Level 0.5 Stealth
 + Level 2.4 Invocations


You had 6 spell levels left.
You didn't know any spells.
Your spell library contained the following spells:

 Spells                   Type           Power      Damage    Failure   Level
 Magic Dart               Conj           0%         1d3       45%         1
 Call Imp                 Summ           0%         N/A       58%         2
 Passwall                 Tmut/Erth      0%         N/A       58%         2
 Mephitic Cloud           Conj/Pois/Air  0%         N/A       83%         3
 Swiftness                Air            0%         N/A       83%         3
 Invisibility             Hex            0%         N/A       100%        6


Dungeon Overview and Level Annotations

Branches:
Dungeon (5/15)
 Temple: D:4-7

Altars:
Ru
Vehumet

Shops:
D:3 ?


Innate Abilities, Weirdness & Mutations

You are completely covered in rugged brown scales. (AC +3, +7% HP)
You have supernaturally acute eyesight. (SInv)
Armour fits poorly on your strangely shaped body.
You can roll at nearby foes to attack.
You have a long armoured tail.
You curl defensively after being hit.


Message History

The killer bee stings you but does no damage.
You closely miss the killer bee.
You feel sick.
The killer bee stings you but does no damage.
The killer bee stings you.
* * * LOW HITPOINT WARNING * * *
The killer bee stings you but does no damage.
You barely miss the killer bee.
Your tail-slap misses the killer bee.
You feel sick.
The killer bee stings you but does no damage.
The killer bee closely misses you.
You miss the killer bee.
Your tail-slap misses the killer bee.
You feel sick. The killer bee barely misses you. The killer bee stings you.
* * * LOW HITPOINT WARNING * * *
You are more poisoned.
The killer bee poisons you! The killer bee stings you!
* * * LOW HITPOINT WARNING * * *
You are too berserk!
You slash the killer bee!
The killer bee is severely wounded.
* * * LOW HITPOINT WARNING * * *
You feel sick. The killer bee stings you.
* * * LOW HITPOINT WARNING * * *
The killer bee barely misses you. The killer bee closely misses you.
You hit the killer bee but do no damage.
Your tail-slap misses the killer bee.
The killer bee is severely wounded.
* * * LOW HITPOINT WARNING * * *
You feel sick.
The killer bee stings you but does no damage.
The killer bee barely misses you.
You miss the killer bee.
* * * LOW HITPOINT WARNING * * *
You feel sick.
The killer bee stings you but does no damage. x3
You miss the killer bee.
The killer bee is severely wounded.
The killer bee stings you but does no damage. x3
You miss the killer bee.
The killer bee is severely wounded.
You die...

###≈≈≈≈≈.#
...≈≈≈≈.######..
###.≈≈≈≈.........
#.≈≈≈≈.######.#
.####≈≈≈≈≈.##
....≈≈≈≈≈..#
.##..≈≈≈≈.........
....≈≈≈≈≈#.#######
##≈≈≈≈≈#.y@#
####≈≈≈≈##.#y#
.88≈≈≈≈≈88...#
.............#
.............#
.88≈≈≈≈≈88..##
##≈≈≈≈≈######
#≈≈≈≈≈ #≈≈≈≈#


You could see 2 killer bees.

Vanquished Creatures
  Edmund (D:4)
  An ogre (D:4)
  A phantom (D:4)
  A scorpion (D:5)
  2 killer bees (D:5)
  A jelly (D:4)
  A gnoll (D:1)
  3 adders (D:2)
  4 worms (D:2)
  An adder skeleton (D:4)
  3 dart slugs
  5 orcs
  7 endoplasms
  4 giant cockroaches
  3 goblins
  10 hobgoblins
  3 jackals (D:3)
  7 kobolds
  2 quokkas
  8 ball pythons
  A bat (D:2)
  5 frilled lizards
  9 rats
83 creatures vanquished.

Notes
Turn   | Place    | Note
-------+----------+-------------------------------------------
     0 | Abyss:1  | MrPagan1517 the Palentonga Abyssal Knight began the quest
                  | for the Orb.
     0 | Abyss:1  | Reached XP level 1. HP: 19/19 MP: 2/2
     0 | D:1      | Escaped the Abyss
    18 | D:1      | Found a faded altar of an unknown god.
   242 | D:1      | Reached skill level 1 in Dodging
   431 | D:1      | Reached * piety under Lugonu
   432 | D:1      | Reached XP level 2. HP: 21/25 MP: 3/3
   578 | D:1      | Reached XP level 3. HP: 5/32 MP: 4/4
  1634 | D:2      | Found a radiant altar of Vehumet.
  1728 | D:2      | Reached XP level 4. HP: 39/39 MP: 5/5
  1814 | D:2      | Reached skill level 3 in Long Blades
  2075 | D:2      | Identified a scroll of acquirement
  2075 | D:2      | Acquired the +10 Black Knight's barding {ponderous, rPois
                  | rN+}
  2075 | D:2      | Found the +10 Black Knight's barding {ponderous, rPois rN+}
  2780 | D:3      | Reached ** piety under Lugonu
  2825 | D:3      | Found Ruunleun's Magic Scroll Boutique.
  2854 | D:3      | Bought a scroll of identify for 24 gold pieces
  2854 | D:3      | Bought a scroll of identify for 24 gold pieces
  3420 | D:4      | Reached XP level 5. HP: 44/44 MP: 6/6
  3585 | D:4      | Noticed a phantom
  3599 | D:4      | Killed a phantom
  3600 | D:4      | Reached skill level 4 in Long Blades
  3654 | D:4      | Noticed an ogre
  3665 | D:4      | Killed an ogre
  3666 | D:4      | Reached XP level 6. HP: 47/51 MP: 7/7
  3706 | D:4      | Found a sacrificial altar of Ru.
  3948 | D:4      | Noticed Edmund
  3959 | D:4      | Killed Edmund
  3960 | D:4      | Reached skill level 5 in Long Blades
  4133 | D:5      | Entered Level 5 of the Dungeon
  4182 | D:5      | Gained mutation: You curl defensively after being hit.
                  | [Palentonga growth]
  4182 | D:5      | Reached XP level 7. HP: 27/57 MP: 8/8
  4191 | D:5      | HP: 4/85 [killer bee (5)]
  4193 | D:5      | HP: 1/85 [poisoned by a killer bee]
  4195 | D:5      | Succumbed to a killer bee's poison

Illustrated notes

Levels and vault maps discovered:
D:1:      mrwooster_arrival_statue_3, layout_rooms,
          ebering_ecumenical_altar_mist, serial_glass, glass_columns_a,
          glass_columns_a, glass_columns_a, glass_columns_b, glass_columns_c,
          minivault_25, grunt_decor_mini_mirrors, kennysheep_minor_cross
D:2:      layout_basic, basic_altar, lemuel_flame_loot_1
D:3:      layout_loops_ring, serial_shops, shop, minivault_4, st_stairs_13
D:4:      layout_rooms, mainiacjoe_overflow_brackets, grunt_ministairs_15,
          nicolae_zen_rock_garden, kennysheep_cross_bottleneck,
          kennysheep_generic_room_15, uniq_edmund
D:5:      wander_river, layout_loops_ring, minmay_temple_entry_metal_lava,
          uniq_blork_the_orc

Skill      XL: |  1  2  3  4  5  6 |
---------------+-------------------+-----
Dodging        | 1 2 |  2.0
Long Blades    | 3 4 5 |  5.8
Fighting       | 4 |  4.3
Armour         | 2 |  2.9
Stealth        | |  0.5
Invocations    | |  2.4

Action                   |  1- 3 |  4- 6 |  7- 9 || total
-------------------------+-------+-------+-------++-------
Melee: Falchion          |   114 |   147 |    14 ||   275
       Tailslap          |    10 |    16 |       ||    26
Invok: Depart the Abyss  |     1 |       |       ||     1
       Bend Space        |       |     2 |       ||     2
 Abil: Rolling Charge    |    14 |    19 |       ||    33
  Use: Scroll            |     1 |     7 |       ||     8
       Potion            |       |     2 |       ||     2
Armor: Leather armour    |    11 |       |       ||    11
       Acid dragon scale |    27 |   149 |    16 ||   192
Dodge: Dodged            |    63 |    69 |    10 ||   142

Table legend: (Time is in decaauts)
 A = Elapsed time spent in this place.
 B = Non-inter-level travel time spent in this place.
 C = Inter-level travel time spent in this place.
 D = Time resting spent in this place.
 E = Time spent auto-exploring this place.
 F = Levels seen in this place.
 G = Mean time per level.
                   A        B        C        D        E       F      G
               +--------+--------+--------+--------+--------+-----+--------+
         Total |   4388 |   4184 |    204 |      0 |   3080 |   6 |  731.3 |
       Dungeon |   4388 |   4184 |    204 |      0 |   3080 |   5 |  877.6 |
         Abyss |      0 |      0 |      0 |      0 |      0 |   1 |    0.0 |
               +--------+--------+--------+--------+--------+-----+--------+

Top non-repeatable levels by time:
     D:2: 1430 daAuts
     D:1: 1321 daAuts
     D:4: 881 daAuts
     D:3: 693 daAuts
     D:5: 61 daAuts
